 Dungeon Crawl Stone Soup version 0.26.1-11-gd32895ea62 (webtiles) character file.

Game seed: 12977590909235994976

105 kodamatunes15 the Ruffian (level 4, 0/38 HPs)
             Began as a Ghoul Gladiator on May 18, 2021.
             Slain by Zeld's ghost (1 damage)
             ... on level 3 of the Dungeon.
             The game lasted 00:13:44 (2281 turns).

kodamatunes15 the Ruffian (Ghoul Gladiator)         Turns: 2281, Time: 00:13:44

Health: 0/38       AC: 12    Str: 17    XL:     4   Next: 81%
Magic:  3/3        EV:  5    Int:  4    God:
Gold:   220        SH:  0    Dex: 10    Spells: 3/3 levels left

rFire    . . .     SeeInvis .   p - +0 dagger (drain)
rCold    + . .     Faith    .   (no shield)
rNeg     + + +     Spirit   .   d - +1 plate armour
rPois    ∞         Reflect  .   b - +0 helmet
rElec    .         Harm     .   (no cloak)
rCorr    .         Rampage  .   (no gloves)
Will     .....                  (no boots)
Stlth    ..........             (no amulet)
HPRegen  0.00/turn              (no ring)
MPRegen  0.08/turn              (no ring)

@: no status effects
A: claws 1, cold resistance 1, negative energy resistance 3, inhibited
regeneration, torment resistance, unbreathing
a: no special abilities


You were on level 3 of the Dungeon.
You visited 1 branch of the dungeon, and saw 3 of its levels.

You collected 220 gold pieces.

Inventory:

Hand Weapons
 f - a +0 club
 i - a +0 dagger
 j - a +1 short sword
 p - a +0 dagger of draining (weapon)
Missiles
 c - 3 throwing nets (quivered)
Armour
 b - a +0 helmet (worn)
 d - a +1 plate armour (worn)
Scrolls
 k - a scroll of enchant armour
 l - 2 scrolls of enchant weapon
Potions
 a - a potion of haste {unknown}
 e - a potion of flight {unknown}
 g - 2 potions of might {unknown}
 h - a potion of attraction {unknown}
 m - a potion of degeneration {unknown}
 n - 3 potions of heal wounds {unknown}
 o - 2 potions of lignification {unknown}


   Skills:
 + Level 3.2 Fighting
 + Level 1.2 Short Blades
 + Level 1.8 Throwing
 + Level 1.3 Armour
 + Level 3.0 Dodging
 + Level 4.2 Unarmed Combat


You had 3 spell levels left.
You didn't know any spells.
Your spell library was empty.

Dungeon Overview and Level Annotations

Branches:
Dungeon (3/15)

Altars:

Annotations:
D:3 Zeld's ghost, novice OpMo


Innate Abilities, Weirdness & Mutations

You thrive by killing the living.
You are immune to poison.
You have sharp fingernails.
Your flesh is cold resistant. (rC+)
You are immune to negative energy. (rN+++)
You do not regenerate when monsters are visible.
You are immune to unholy pain and torment.
You can survive without breathing.


Message History

You completely miss Zeld's ghost.
Zeld's ghost is severely damaged.
Zeld's ghost hits you but does no damage.
You hit Zeld's ghost.
Zeld's ghost is severely damaged.
Zeld's ghost hits you.
* * * LOW HITPOINT WARNING * * *
You hit Zeld's ghost.
Zeld's ghost is severely damaged.
Zeld's ghost hits you.
* * * LOW HITPOINT WARNING * * *
You barely miss Zeld's ghost.
Zeld's ghost is severely damaged.
Zeld's ghost barely misses you.
You hit Zeld's ghost.
Zeld's ghost is severely damaged.
You hit Zeld's ghost but do no damage.
Zeld's ghost is severely damaged.
Zeld's ghost hits you.
You die...

#[###...##
#.##.#.#>##
#.#######.#######
#.#.....#........
###($..8#...####.
#..(..'.....#
#(....'..##.#
#...(.'.## ..#
#.!W@.#.###.##
#.(.$(#.....
#########.#. .# .
.


You could see Zeld's ghost.

Vanquished Creatures
  Robin (D:2)
  2 adders (D:2)
  An ooze (D:1)
  3 dart slugs (D:1)
  A leopard gecko (D:3)
  An orc (D:2)
  4 bats
  A giant cockroach (D:2)
  12 goblins
  8 hobgoblins
  8 jackals (D:2)
  A ball python (D:1)
  2 frilled lizards (D:2)
  10 kobolds
  2 rats
57 creatures vanquished.

Vanquished Creatures (others)
  4 plants (D:2)
4 creatures vanquished.

Grand Total: 61 creatures vanquished

Notes
Turn   | Place    | Note
-------+----------+-------------------------------------------
     0 | D:1      | kodamatunes15 the Ghoul Gladiator began the quest for the
                  | Orb.
     0 | D:1      | Reached XP level 1. HP: 17/17 MP: 0/0
   229 | D:1      | Reached XP level 2. HP: 19/24 MP: 1/1
   502 | D:1      | Reached XP level 3. HP: 7/30 MP: 2/2
  1115 | D:2      | Reached skill level 4 in Unarmed Combat
  1315 | D:2      | Reached XP level 4. HP: 23/37 MP: 3/3
  1343 | D:2      | Noticed Robin
  1397 | D:2      | Reached skill level 1 in Armour
  1410 | D:2      | Killed Robin
  1411 | D:2      | Reached skill level 1 in Short Blades
  2224 | D:3      | Found a runed translucent gate.
  2224 | D:3      | Found a runed translucent gate.
  2224 | D:3      | Found a runed translucent gate.
  2224 | D:3      | Noticed Zeld's ghost (novice OpMo)
  2278 | D:3      | HP: 1/38 [Zeld's ghost (4)]
  2281 | D:3      | Slain by Zeld's ghost

Illustrated notes

Levels and vault maps discovered:
D:1:      sevenhm_arrival_forest_fort_small_3, layout_loops_ring,
          minmay_small_reverse_x
D:2:      layout_loops_corners, serial_bayou, serial_bayou_lagoon_a,
          serial_bayou_pond_d, serial_bayou_pond_e, serial_bayou_pond_c,
          uniq_robin
D:3:      layout_loops_ring, ebering_ghost_rock_garden

Skill      XL: |  1  2  3  4 |
---------------+-------------+-----
Dodging        | 3 |  3.0
Unarmed Combat | 4 |  4.2
Fighting       | 3 |  3.2
Armour         | 1 |  1.3
Short Blades   | 1 |  1.2
Throwing       | |  1.8

Action                   |  1- 3 |  4- 6 || total
-------------------------+-------+-------++-------
Melee: Unarmed           |    30 |       ||    30
       Punch             |     1 |     3 ||     4
       Club              |    33 |       ||    33
       Dagger            |     5 |    66 ||    71
       Short sword       |    95 |    77 ||   172
  Use: Scroll            |     5 |       ||     5
Armor: Plate armour      |   238 |   103 ||   341
       Skin              |     1 |       ||     1
Dodge: Dodged            |    64 |    34 ||    98
